 Dungeon Crawl Stone Soup version 0.29.1-14-g9c671dbff4 (webtiles) character file.

Game seed: 5816441027356580812

376 leafyfresh the Covert (level 6, 0/53 HPs)
             Began as a Gnoll Delver on Feb 13, 2023.
             Was an Initiate of Elyvilon.
             Slain by a water moccasin (6 damage)
             ... on level 4 of the Dungeon.
             The game lasted 00:10:55 (5969 turns).

leafyfresh the Covert (Gnoll Delver)                Turns: 5969, Time: 00:10:56

Health: 0/53       AC:  5    Str: 11    XL:     6   Next: 73%
Magic:  9/9        EV: 13    Int: 10    God:    Elyvilon [......]
Gold:   281        SH:  0    Dex: 15    Spells: 9/9 levels left

rFire   . . .      SeeInvis .   D - +3 flail
rCold   . . .      Faith    .   (no shield)
rNeg    . . .      Spirit   .   b - +0 leather armour
rPois   .          Reflect  .   s - +0 helmet
rElec   .          Harm     .   (no cloak)
rCorr   .          Rampage  .   (no gloves)
Will    .....                   o - +0 pair of boots
Stlth   ++++......              (no amulet)
HPRegen 0.17/turn               (no ring)
MPRegen 0.11/turn               (no ring)

@: no status effects
A: fangs 1, strong nose, distributed training
a: Renounce Religion


You were on level 4 of the Dungeon.
You worshipped Elyvilon.
Elyvilon was noncommittal.
You visited 1 branch of the dungeon, and saw 5 of its levels.

You collected 281 gold pieces.

Inventory:

Hand Weapons
 a - a +0 spear
 p - a +0 sling
 r - a +0 rapier
 C - a +0 giant club
 D - a +3 flail (weapon)
Missiles
 l - 10 poisoned darts (quivered)
Armour
 b - a +0 leather armour (worn)
 o - a +0 pair of boots (worn)
 s - a +0 helmet (worn)
Wands
 g - a wand of digging (3)
Scrolls
 c - a scroll of fog
 d - 2 scrolls of magic mapping
 i - 2 scrolls of butterflies {unknown}
 m - 2 scrolls of brand weapon {unknown}
 n - 7 scrolls of identify {unknown}
 q - a scroll of enchant armour {unknown}
 t - a scroll of enchant weapon {unknown}
 x - a scroll of vulnerability {unknown}
 y - a scroll of poison {unknown}
 E - a scroll of acquirement {unknown}
Potions
 f - 2 potions of haste
 h - a potion of flight {unknown}
 j - 2 potions of magic {unknown}
 k - a potion of lignification {unknown}
 u - a potion of brilliance {unknown}
 v - 2 potions of mutation {unknown}
 w - a potion of berserk rage {unknown}
 z - 2 potions of heal wounds {unknown}
 A - a potion of degeneration {unknown}
 B - a potion of curing


   Skills:
 + Level 6.9 Fighting
 + Level 2.1 Short Blades
 + Level 2.1 Long Blades
 + Level 2.1 Axes
 + Level 2.1 Maces & Flails
 + Level 5.1 Polearms
 + Level 2.1 Staves
 + Level 2.1 Ranged Weapons
 + Level 2.1 Throwing
 + Level 2.1 Armour
 + Level 5.1 Dodging
 + Level 9.8 Stealth
 + Level 2.1 Shields
 + Level 2.1 Unarmed Combat
 + Level 2.1 Spellcasting
 + Level 1.7 Conjurations
 + Level 1.7 Hexes
 + Level 1.7 Summonings
 + Level 1.7 Necromancy
 + Level 1.7 Translocations
 + Level 1.7 Transmutations
 + Level 1.7 Fire Magic
 + Level 1.7 Ice Magic
 + Level 1.7 Air Magic
 + Level 1.7 Earth Magic
 + Level 1.7 Poison Magic
 + Level 2.4 Invocations
 + Level 2.1 Evocations


You had 9 spell levels left.
You didn't know any spells.
Your spell library contained the following spells:

 Spells                   Type           Power      Damage    Failure   Level
 Stone Arrow              Conj/Erth      8%         3d7       52%         3
 Animate Armour           Summ/Erth      8%         N/A       89%         4
 Lehudib's Crystal Spear  Conj/Erth      2%         10d2      100%        8


Dungeon Overview and Level Annotations

Branches:
Dungeon (5/15)
 Temple: D:4-7

Altars:
Elyvilon
Qazlal
Zin

Shops:
D:3 *

Annotations:
D:3 2 transporters, leafyfresh's ghost, weakling GnDe


Innate Abilities, Weirdness & Mutations

You have very sharp teeth.
Your uncanny sense of smell can sniff out nearby items.
Your experience applies equally to all skills.


Message History

The water moccasin is moderately wounded.
You feel very sick. The water moccasin bites you. x2
Unknown command.
You hit the water moccasin.
The water moccasin is heavily wounded.
You feel sick. The water moccasin bites you.
You are more poisoned.
The water moccasin poisons you! The water moccasin barely misses you.
Unknown command.
You hit the water moccasin but do no damage.
The water moccasin is heavily wounded.
You feel very sick. The water moccasin bites you.
You closely miss the water moccasin.
The water moccasin is heavily wounded.
* * * LOW HITPOINT WARNING * * *
You feel very sick.
The water moccasin bites you but does no damage.
The water moccasin bites you.
* * * LOW HITPOINT WARNING * * *
You hit the water moccasin.
You bite the water moccasin, but do no damage.
The water moccasin is severely wounded.
* * * LOW HITPOINT WARNING * * *
You feel very sick.
The water moccasin bites you but does no damage.
The water moccasin misses you.
It was a potion of curing.
You feel better. The water moccasin bites you!
* * * LOW HITPOINT WARNING * * *
You miss the water moccasin. You bite the water moccasin.
The water moccasin is severely wounded.
The water moccasin bites you.
* * * LOW HITPOINT WARNING * * *
The water moccasin closely misses you.
Unknown command.
You barely miss the water moccasin.
The water moccasin is severely wounded.
The water moccasin closely misses you. The water moccasin bites you.
You die...

#.........# #...#.#.##
#.###.##### #..###)..##
#.# #.# #.## #.....
#.###.#######
#..###...##
#...........# #.#.#.#.##
#####.#####.# #.##.##)#
#.# #.# #.##.##.#
#.#####.###.#<.##)#
####...@.......)..##.#
#.....S.....#####.##.###
#.#########.# #.#.....
#.# #.# #....... ##.##
#.# #.#..### #...#
#.#####....# ##..#
######.....)[#.#### ##.#
#......<...[......#
#.###.#########..(.....


You could see a water moccasin.

Vanquished Creatures
  An ogre (D:3)
  A jelly (D:5)
  A gnoll bouda (D:3)
  An orc priest (D:4)
  An iguana (D:4)
  An orc wizard (D:4)
  7 gnolls
  A worm (D:3)
  2 dart slugs
  6 orcs
  3 ball pythons
  2 bats (D:2)
  6 endoplasms
  4 giant cockroaches
  5 goblins
  8 hobgoblins
  3 jackals
  2 quokkas
  3 frilled lizards
  4 kobolds
  4 rats
  A spectral goblin (D:1)
67 creatures vanquished.

Notes
Turn   | Place    | Note
-------+----------+-------------------------------------------
     0 | D:5      | Reached skill level 9 in Stealth
     0 | D:5      | leafyfresh the Gnoll Delver began the quest for the Orb.
     0 | D:5      | Reached XP level 1. HP: 23/23 MP: 1/1
    20 | D:5      | Noticed a jelly
    26 | D:5      | Killed a jelly
    27 | D:5      | Reached XP level 2. HP: 7/29 MP: 1/3
    27 | D:5      | Reached XP level 3. HP: 8/35 MP: 1/4
   379 | D:5      | Noticed a scorpion
   418 | D:4      | Reached skill level 1 in Short Blades
   418 | D:4      | Reached skill level 1 in Long Blades
   418 | D:4      | Reached skill level 1 in Axes
   418 | D:4      | Reached skill level 1 in Maces & Flails
   418 | D:4      | Reached skill level 1 in Staves
   418 | D:4      | Reached skill level 1 in Ranged Weapons
   418 | D:4      | Reached skill level 1 in Throwing
   418 | D:4      | Reached skill level 1 in Armour
   418 | D:4      | Reached skill level 1 in Shields
   418 | D:4      | Reached skill level 1 in Unarmed Combat
   418 | D:4      | Reached skill level 1 in Spellcasting
   418 | D:4      | Reached skill level 1 in Invocations
   418 | D:4      | Reached skill level 1 in Evocations
   418 | D:4      | Reached XP level 4. HP: 24/41 MP: 5/5
  1292 | D:1      | Reached skill level 1 in Conjurations
  1292 | D:1      | Reached skill level 1 in Hexes
  1292 | D:1      | Reached skill level 1 in Summonings
  1292 | D:1      | Reached skill level 1 in Necromancy
  1292 | D:1      | Reached skill level 1 in Translocations
  1292 | D:1      | Reached skill level 1 in Transmutations
  1292 | D:1      | Reached skill level 1 in Fire Magic
  1292 | D:1      | Reached skill level 1 in Ice Magic
  1292 | D:1      | Reached skill level 1 in Air Magic
  1292 | D:1      | Reached skill level 1 in Earth Magic
  1292 | D:1      | Reached skill level 1 in Poison Magic
  1412 | D:1      | Found a faded altar of an unknown god.
  2553 | D:2      | Reached XP level 5. HP: 15/47 MP: 7/7
  3066 | D:3      | Found a transporter.
  3068 | D:3      | Noticed leafyfresh's ghost (weakling GnDe)
  3070 | D:3      | Identified the +9 dire flail of Blood {vorpal, rElec SInv}
  3070 | D:3      | Noticed an ogre
  3173 | D:3      | Found a glowing silver altar of Zin.
  3253 | D:3      | Noticed an ogre
  4009 | D:3      | Found a stormy altar of Qazlal.
  4022 | D:3      | Found Jomuap's Assorted Antiques.
  4126 | D:3      | Noticed an ogre
  4341 | D:3      | Found a transporter.
  4689 | D:3      | HP: 2/47 [hobgoblin/+0 mace (7)]
  5143 | D:3      | Killed an ogre
  5144 | D:3      | Reached skill level 5 in Polearms
  5144 | D:3      | Reached skill level 5 in Dodging
  5144 | D:3      | Reached XP level 6. HP: 53/53 MP: 7/9
  5754 | D:4      | Found a white marble altar of Elyvilon.
  5889 | D:4      | Became a worshipper of Elyvilon the Healer
  5920 | D:5      | Noticed a water moccasin
  5969 | D:4      | Slain by a water moccasin

Illustrated notes

Levels and vault maps discovered:
D:1:      eino_arrival_water_cross, layout_basic,
          dreamdust_ecumenical_altar_drowned_temple
D:2:      layout_rooms, kennysheep_small_spiral
D:3:      layout_loops_ring, mainiacjoe_overflow_brackets, zin_treasury,
          serial_shops, nicolae_shop_window_shopping, gammafunk_ghost_smash,
          kennysheep_generic_room_6
D:4:      layout_loops_ring, overflow_temple_1_default,
          amcnicky_mini_corridor_feature
D:5:      layout_loops_ring, mainiacjoe_overflow_big_doors, grunt_tough_drop

Skill      XL: |  1  2  3  4  5 |
---------------+----------------+-----
Stealth        | |  9.8
Short Blades   | 1 2 |  2.1
Long Blades    | 1 2 |  2.1
Axes           | 1 2 |  2.1
Maces & Flails | 1 2 |  2.1
Staves         | 1 2 |  2.1
Ranged Weapons | 1 2 |  2.1
Throwing       | 1 2 |  2.1
Armour         | 1 2 |  2.1
Shields        | 1 2 |  2.1
Unarmed Combat | 1 2 |  2.1
Spellcasting   | 1 2 |  2.1
Invocations    | 1 2 |  2.4
Evocations     | 1 2 |  2.1
Conjurations   | 1 |  1.7
Hexes          | 1 |  1.7
Summonings     | 1 |  1.7
Necromancy     | 1 |  1.7
Translocations | 1 |  1.7
Transmutations | 1 |  1.7
Fire Magic     | 1 |  1.7
Ice Magic      | 1 |  1.7
Air Magic      | 1 |  1.7
Earth Magic    | 1 |  1.7
Poison Magic   | 1 |  1.7
Polearms       | 5 |  5.1
Dodging        | 5 |  5.1
Fighting       | |  6.9

Action                   |  1- 3 |  4- 6 || total
-------------------------+-------+-------++-------
Melee: Spear             |    11 |    81 ||    92
       Bite              |       |    25 ||    25
       Rapier            |       |   142 ||   142
       Punch             |       |     3 ||     3
       Flail             |       |    13 ||    13
 Fire: Sling             |       |    49 ||    49
Throw: Dart              |       |     8 ||     8
  Use: Scroll            |       |     3 ||     3
       Potion            |       |     1 ||     1
 Stab: Sleeping          |     2 |    20 ||    22
Armor: Leather armour    |     1 |    40 ||    41
Dodge: Dodged            |     1 |   160 ||   161
